 Dungeon Crawl Stone Soup version 0.30-a0-457-g4b7bca3bfa (webtiles) character file.

Game seed: 3452678713587879275

9 Lobster4 the Caller (level 2, 0/20 HPs)
             Began as a Human Summoner on Dec 13, 2022.
             Slain by a jackal (3 damage)
             ... on level 1 of the Dungeon.
             The game lasted 00:01:39 (640 turns).

Lobster4 the Caller (Human Summoner)                 Turns: 640, Time: 00:01:40

Health: 0/20       AC:  2    Str:  8    XL:     2   Next: 20%
Magic:  1/5        EV: 27    Int: 15    God:
Gold:   42         SH:  0    Dex: 13    Spells: 2/5 levels left

rFire   . . .      SeeInvis .    e - +0 dagger
rCold   . . .      Faith    .    (no shield)
rNeg    . . .      Spirit   .    a - +0 robe
rPois   .          Reflect  .    (no helmet)
rElec   .          Harm     .    (no cloak)
rCorr   .          Rampage  .    (no gloves)
Will    .....                    (no boots)
Stlth   ++........               c - amulet of the acrobat
HPRegen 0.23/turn                (no ring)
MPRegen 0.09/turn                (no ring)

@: acrobatic
A: no striking features
a: no special abilities


You were on level 1 of the Dungeon.
You visited 1 branch of the dungeon, and saw 1 of its levels.

You collected 42 gold pieces.

Inventory:

Hand Weapons
 e - a +0 dagger (weapon)
Armour
 a - a +0 robe (worn)
Jewellery
 c - an amulet of the acrobat (around neck)
Scrolls
 d - a scroll of noise {unknown}
 f - 3 scrolls of identify {unknown}
Potions
 b - a potion of magic


   Skills:
 + Level 0.4 Fighting
 + Level 0.3 Armour
 + Level 2.1 Dodging
 + Level 2.1 Stealth
 + Level 2.1 Spellcasting
 * Level 4.1 Summonings


You had 2 spell levels left.
You knew the following spells:

 Your Spells              Type           Power      Damage    Failure   Level
a - Summon Small Mammal   Summ           52%        N/A       4%          1
b - Call Imp              Summ           13%        N/A       6%          2

Your spell library contained the following spells:

 Spells                   Type           Power      Damage    Failure   Level
 Call Canine Familiar     Summ           13%        N/A       12%         3
 Summon Guardian Golem    Hex/Summ       7%         N/A       28%         3
 Summon Lightning Spire   Summ/Air       7%         N/A       67%         4


Dungeon Overview and Level Annotations

Branches:
Dungeon (1/15)

Altars:


Message History

The jackal closely misses you. The jackal completely misses you.
The jackal misses you. The jackal completely misses you.
The jackal barely misses you. The jackal closely misses you.
The jackal bites you but does no damage.
The jackal misses you.
Your rat misses the jackal.
Your crimson imp blinks!
The jackal completely misses you. The jackal misses you. The jackal bites you.
* * * LOW HITPOINT WARNING * * *
The jackal closely misses you.
Your rat misses the jackal.
Casting: Call Imp (safe; 6% risk of failure)
Confirm with . or Enter, or press ? or * to list all spells.
The jackal bites you.
* * * LOW HITPOINT WARNING * * *
The jackal bites you.
* * * LOW HITPOINT WARNING * * *
The jackal completely misses you. The jackal bites you.
* * * LOW HITPOINT WARNING * * *
The jackal closely misses you. The jackal misses you.
The jackal barely misses you. The jackal bites you.
* * * LOW HITPOINT WARNING * * *
Your rat completely misses the jackal.
Unknown command.
Okay, then.
Your bat closely misses the jackal.
The jackal barely misses your bat. The jackal closely misses your bat.
Your rat barely misses the jackal.
Your bat hits the jackal. The jackal completely misses you.
Your bat hits the jackal. Your rat misses the jackal.
There is an open door here.
Your bat misses the jackal.
Your bat barely misses the jackal.
The jackal completely misses you. The jackal closely misses your bat.
Your bat hits the jackal but does no damage.
Your rat barely misses the jackal.
The jackal completely misses you.
Your rat misses the jackal. Your bat hits the jackal.
The jackal completely misses you.
Your rat closely misses the jackal.
The jackal completely misses you.
Your crimson imp misses the jackal.
Your rat barely misses the jackal.
Your bat barely misses the jackal.
The jackal bites you.
You die...

........#
#.......# #...
........#
#.......# #...
........#
#.......# ####
........#
#.......#
.########
#.......# ##
##....5br#
#.....hhh#
#.#####h##
#.#@# #...#
...###
##.###.#
...... .
#......#
..#.## ##
####.##..##. #
##...........
# ##
#...#######..#
# .## #..## ..
# ..# #.## . #


You could see 4 jackals, a friendly crimson imp (summoned), a friendly bat
(summoned) and a friendly rat (summoned).

Vanquished Creatures (collateral kills)
  A ball python (D:1)
  2 endoplasms (D:1)
  A giant cockroach (D:1)
  A hobgoblin (D:1)
  A bat (D:1)
  A goblin (D:1)
  A rat (D:1)
8 creatures vanquished.

Notes
Turn   | Place    | Note
-------+----------+-------------------------------------------
     0 | D:1      | Lobster4 the Human Summoner began the quest for the Orb.
     0 | D:1      | Reached XP level 1. HP: 13/13 MP: 3/3
   432 | D:1      | Reached XP level 2. HP: 19/19 MP: 1/5
   435 | D:1      | Learned a level 2 spell: Call Imp
   632 | D:1      | HP: 1/20 [jackal (1)]
   640 | D:1      | Slain by a jackal

Illustrated notes

Levels and vault maps discovered:
D:1:      co_arrival_two_rings, layout_basic

Action                   || total
-------------------------++-------
Melee: Dagger            ||     3
 Cast: Summon Small Mamm ||    20
       Call Imp          ||     1
Armor: Robe              ||    10
Dodge: Dodged            ||   126

Table legend: (Time is in decaauts)
 A = Elapsed time spent in this place.
 B = Non-inter-level travel time spent in this place.
 C = Inter-level travel time spent in this place.
 D = Time resting spent in this place.
 E = Time spent auto-exploring this place.
 F = Levels seen in this place.
 G = Mean time per level.
                   A        B        C        D        E       F      G
               +--------+--------+--------+--------+--------+-----+--------+
         Total |    639 |    639 |      0 |    156 |    323 |   1 |  639.0 |
       Dungeon |    639 |    639 |      0 |    156 |    323 |   1 |  639.0 |
               +--------+--------+--------+--------+--------+-----+--------+

Top non-repeatable levels by time:
     D:1: 639 daAuts
